 Dungeon Crawl Stone Soup version 0.21-a0-201-g8501b10 (webtiles) character file.

2578 Azzok the Fighter (level 9, -1/92 HPs)
             Began as a Hill Orc Fighter on Aug 17, 2017.
             Was a Believer of Okawaru.
             Slain by a killer bee (6 damage)
             ... on level 8 of the Dungeon.
             The game lasted 00:14:28 (6632 turns).

Azzok the Fighter (Hill Orc Fighter)                Turns: 6632, Time: 00:14:28

Health: -1/92      AC: 16    Str: 24    XL:     9   Next: 57%
Magic:  9/10       EV:  8    Int: 11    God:    Okawaru [**....]
Gold:   584        SH: 10    Dex: 10    Spells: 9/9 levels left

rFire    . . .     SeeInvis .   x - +1 flail (protect)
rCold    . . .     Gourm    .   c - +0 shield
rNeg     . . .     Faith    .   j - +0 plate armour
rPois    .         Spirit   .   (no helmet)
rElec    .         Reflect  .   s - +0 cloak
rCorr    .         Harm     .   w - +0 pair of gloves
MR       .....                  E - +0 pair of boots
Stlth    ..........             i - amulet of regeneration
HPRegen  0.65/turn              v - +3 ring of evasion
MPRegen  0.12/turn              (no ring)

@: mighty, lethally poisoned (-1 -> -2)
A: no striking features
a: Heroism, Renounce Religion


You were on level 8 of the Dungeon.
You worshipped Okawaru.
Okawaru was pleased with you.
You were hungry.

You visited 2 branches of the dungeon, and saw 9 of its levels.

You collected 584 gold pieces.

Inventory:

Hand Weapons
 x - a +1 flail of protection (weapon)
Armour
 c - a +0 shield (worn)
 j - a +0 plate armour (worn)
 s - a +0 cloak (worn)
 w - a +0 pair of gloves (worn)
 E - a +0 pair of boots (worn)
 H - the +1 chain mail of Pemuann {Int+4}
   (You found it on level 8 of the Dungeon)

   It affects your intelligence (+4).
Jewellery
 i - an amulet of regeneration (around neck)
 v - a +3 ring of evasion (left hand)
Wands
 y - a wand of iceblast (7/15)
 G - a wand of confusion (26/48)
Scrolls
 e - 4 scrolls of magic mapping {unknown}
 g - 2 scrolls of teleportation {unknown}
 k - a scroll of fear {unknown}
 m - a scroll of noise {unknown}
 n - 2 scrolls of enchant armour {unknown}
 o - 6 scrolls of identify {unknown}
 q - 3 scrolls of enchant weapon {unknown}
 r - 4 scrolls of remove curse {unknown}
 t - 2 scrolls of amnesia {unknown}
 F - 2 scrolls of recharging {unknown}
Potions
 b - a potion of haste {unknown}
 d - a potion of might
 l - a potion of mutation {unknown}
 p - a potion of brilliance {unknown}
 u - a potion of degeneration {unknown}
 z - a potion of berserk rage {unknown}
 A - a potion of cancellation {unknown}
 D - a potion of curing
Comestibles
 a - 5 royal jellies
 f - 8 bread rations
 h - 6 meat rations
 B - 4 fruits
 C - 4 chunks of flesh


   Skills:
 + Level 12.7 Fighting
 - Level 2.1 Maces & Flails
 + Level 6.2 Armour
 + Level 6.1 Shields
 + Level 0.7 Spellcasting
 + Level 1.3 Invocations


You had 9 spell levels left.
You didn't know any spells.

Dungeon Overview and Level Annotations

Branches:
Dungeon (8/15)             Temple (1/1) D:6
   Lair: D:8-11

Altars:
Ashenzari
Cheibriados
Dithmenos
Fedhas
Gozag
Hepliaklqana
Kikubaaqudgha
Nemelex Xobeh
Okawaru
Sif Muna
Trog
Vehumet
Wu Jian
Xom
Zin
The Shining One

Shops:
D:5 (   D:7 :


Message History

You are feeling hungry.
You miss the killer bee.
The killer bee is almost dead.
You feel sick.
The killer bee stings you but does no damage. x2
You sock the killer bee!
Your weapon exudes an aura of protection.
You kill the killer bee!
Okawaru accepts your kill.
You feel sick. You block the killer bee's attack. The killer bee stings you.
* * * LOW HITPOINT WARNING * * *
You are more poisoned.
The killer bee poisons you!
You miss the killer bee.
You feel sick. You block the killer bee's attack.
The killer bee barely misses you. You block the killer bee's attack.
Your shield and plate armour prevent you from hitting the killer bee.
You feel sick. You block the killer bee's attack.
The killer bee closely misses you.
You miss the killer bee.
You feel sick. The killer bee stings you.
You die...

········▒·▒··▒···▒▒▒▒·▒
▒▒▒▒·▒········▒·▒▒
▒·▒▒▒▒▒▒ ▒·▒··▒·▒···▒·▒
▒··)···· ···········▒·▒
▒▒▒▒▒▒▒▒
▒··▒··▒▒▒▒··▒·▒
▒····>▒·▒▒··▒·▒ ·
▒▒·▒▒▒▒▒·▒▒····▒ · ··
▒·▒▒▒·▒·▒ ▒· ▒·
▒·y@····▒▒▒▒
··▒·▒▒·▒▒▒▒▒·▒▒▒······▒
············▒▒·······▒
▒·▒········▒▒▒·▒····▒
▒·······▒▒▒▒ ▒·▒····▒
▒▒▒········▒ ▒▒▒····▒
▒········▒ ▒▒▒▒▒▒
▒········▒ ▒··▒▒·▒▒▒▒


You could see a killer bee.

Vanquished Creatures
  Sigmund (D:4)
  Eustachio (D:5)
  An ice beast (D:7)
  A phantom (D:4)
  A sky beast (D:7)
  3 ogres
  A centaur (D:7)
  2 big kobolds
  2 bullfrogs
  2 wyvern skeletons (D:6)
  4 killer bees (D:8)
  2 howler monkeys
  3 crimson imps
  A jelly (D:7)
  5 orc wizards
  A quasit (D:6)
  A bullfrog zombie (D:7)
  A bullfrog skeleton (D:6)
  6 hounds
  Crazy Yiuf (D:7)
  6 worker ants
  A hound skeleton (D:8)
  A howler monkey zombie (D:7)
  2 worker ant zombies
  7 gnolls
  8 adders
  A white imp (D:6)
  An ooze (D:1)
  An adder skeleton (D:5)
  3 worms
  A dart slug (D:1)
  6 leopard geckos
  16 orcs
  6 giant cockroaches
  9 goblins
  9 hobgoblins
  9 jackals
  23 kobolds
  2 quokkas
  3 ball pythons
  6 bats
  5 frilled lizards (D:2)
  A goblin skeleton (D:4)
  2 goblin zombies (D:4)
  A hobgoblin zombie (D:4)
  2 kobold skeletons (D:4)
  3 orc zombies (D:4)
  7 rats
182 creatures vanquished.

Vanquished Creatures (others)
  A human (D:3)
1 creature vanquished.

Grand Total: 183 creatures vanquished

Notes
Turn   | Place    | Note
-------+----------+-------------------------------------------
     0 | D:1      | Azzok the Hill Orc Fighter began the quest for the Orb.
     0 | D:1      | Reached XP level 1. HP: 19/19 MP: 1/1
    76 | D:1      | Reached skill level 4 in Fighting
   219 | D:1      | Reached XP level 2. HP: 26/27 MP: 2/2
   625 | D:1      | Reached skill level 5 in Fighting
   625 | D:1      | Reached XP level 3. HP: 36/36 MP: 3/3
  1206 | D:2      | Reached XP level 4. HP: 44/44 MP: 4/4
  1336 | D:2      | Reached skill level 6 in Fighting
  1458 | D:2      | Reached XP level 5. HP: 36/51 MP: 5/5
  1815 | D:3      | Reached skill level 7 in Fighting
  2327 | D:3      | Found a faded altar of an unknown god.
  2363 | D:3      | Found an ancient bone altar of Kikubaaqudgha.
  2364 | D:3      | Noticed a human
  2365 | D:3      | Killed a human
  2432 | D:4      | Reached XP level 6. HP: 61/61 MP: 6/6
  2462 | D:4      | Reached skill level 8 in Fighting
  2538 | D:4      | Found a radiant altar of Vehumet.
  2663 | D:4      | Found a shadowy altar of Dithmenos.
  2663 | D:4      | Found a snail-covered altar of Cheibriados.
  2856 | D:4      | Noticed Sigmund
  2880 | D:4      | Killed Sigmund
  2880 | D:4      | Reached skill level 9 in Fighting
  2880 | D:4      | Reached XP level 7. HP: 65/70 MP: 7/7
  3107 | D:4      | Reached skill level 10 in Fighting
  3206 | D:4      | Found a glowing golden altar of the Shining One.
  3335 | D:4      | Found a shimmering altar of Xom.
  3357 | D:4      | Found a hazy altar of Hepliaklqana.
  3401 | D:4      | Noticed a spectral ugly thing
  3483 | D:5      | Entered Level 5 of the Dungeon
  3556 | D:5      | Found Beyhula's Weapon Boutique.
  3867 | D:5      | Reached skill level 11 in Fighting
  3867 | D:5      | Reached XP level 8. HP: 79/82 MP: 8/8
  4050 | D:5      | Noticed Eustachio
  4109 | D:5      | Killed Eustachio
  4821 | D:6      | Found a deep blue altar of Sif Muna.
  4839 | D:6      | Found a staircase to the Ecumenical Temple.
  4923 | Temple   | Entered the Ecumenical Temple
  4939 | Temple   | Became a worshipper of Warmaster Okawaru
  5114 | D:6      | Reached skill level 12 in Fighting
  5186 | D:6      | Found a shattered altar of Ashenzari.
  5454 | D:6      | Found an ancient bone altar of Kikubaaqudgha.
  5731 | D:7      | Reached * piety under Okawaru
  5731 | D:7      | Reached skill level 5 in Armour
  5731 | D:7      | Reached XP level 9. HP: 75/90 MP: 9/9
  5752 | D:7      | Reached skill level 5 in Shields
  5802 | D:7      | Found Ophemud's Book Shop.
  6291 | D:7      | Found a runed door.
  6295 | D:7      | Noticed Crazy Yiuf
  6303 | D:7      | Killed Crazy Yiuf
  6462 | D:8      | Got a transparent chain mail
  6473 | D:8      | Identified the +1 chain mail of Pemuann {Int+4} (You found it on level 8 of the Dungeon)
  6595 | D:8      | Reached skill level 1 in Invocations
  6618 | D:8      | HP: 4/92 [killer bee (6)]
  6629 | D:8      | Reached ** piety under Okawaru
  6632 | D:8      | Slain by a killer bee

Vault maps used:
D:1:      lightli_arrival_statuegarden, item_on_display_a
D:2:      first_bread
D:3:      chequers_ecumenical_altar_grove, hex_intersection, tgw_kikubaaqudgha
D:4:      regret_index_temple_of_mockery, nicolae_tso_besieged_by_evil,
          vehumet_altar_wand_db, gammafunk_temple_overflow_wave, uniq_sigmund
D:5:      serial_shops, shop, uniq_eustachio
D:6:      lemuel_round_altar, old_standard_altar, ashenzari_conservatory_becter,
          temple_statues, minmay_fire_ice_demons
D:7:      serial_shops, shop, uniq_crazy_yiuf_cottage
D:8:      dpeg_oklobed_lair, uniq_prince_ribbit1
Temple:   dshaligram_water_room_temple

Skill      XL: |  1  2  3  4  5  6  7  8  9 |
---------------+----------------------------+-----
Fighting       | 4 5 6 7 9 11 12 | 12.7
Armour         | 5 6 |  6.2
Shields        | 4 6 |  6.1
Invocations    | 1 |  1.3
Maces & Flails | |  2.1
Spellcasting   | |  0.7

Action                   |  1- 3 |  4- 6 |  7- 9 || total
-------------------------+-------+-------+-------++-------
Melee: Flail             |   177 |   288 |   643 ||  1108
  Use: Potion            |       |       |     2 ||     2
  Eat: Chunk             |     1 |     6 |    14 ||    21
Armor: Scale mail        |    25 |       |       ||    25
       Plate armour      |   141 |   196 |   631 ||   968
Dodge: Dodged            |    33 |    35 |   250 ||   318
Block: Shield            |   130 |   165 |   456 ||   751
